 Dungeon Crawl Stone Soup version 0.26-a0-846-gcc8f1ee719 (webtiles) character file.

Game seed: 3359910064747186492

36 leviel the Cudgeller (level 3, 0/23 HPs)
             Began as a Gargoyle Monk on Nov 19, 2020.
             Slain by a kobold (2 damage)
             ... on level 2 of the Dungeon.
             The game lasted 00:03:06 (1450 turns).

leviel the Cudgeller (Gargoyle Monk)                Turns: 1450, Time: 00:03:07

Health: 0/23       AC:  6    Str: 13 (15) XL:     3   Next: 37%
Magic:  3/3        EV: 12    Int:  8 (10) God:
Gold:   65         SH:  0    Dex: 10 (12) Spells: 2/2 levels left

rFire    . . .     SeeInvis .   a - +0 mace
rCold    . . .     Faith    .   (no shield)
rNeg     + . .     Spirit   .   g - +0 leather armour
rPois    ∞         Reflect  .   (no helmet)
rElec    +         Harm     .   (no cloak)
rCorr    .         Rampage  .   (no gloves)
MR       .....                  (no boots)
Stlth    ++........             (no amulet)
HPRegen  0.07/turn              (no ring)
MPRegen  0.08/turn              (no ring)

@: no status effects
A: negative energy resistance 1, electricity resistance, unbreathing,
petrification resistance, rot immunity, AC +3
a: no special abilities


You were on level 2 of the Dungeon.
You visited 1 branch of the dungeon, and saw 2 of its levels.

You collected 65 gold pieces.

Inventory:

Hand Weapons
 a - a +0 mace (weapon)
Armour
 b - a +0 robe
 g - a +0 leather armour (worn)
Scrolls
 c - a scroll of remove curse {unknown}
 d - a scroll of fog {unknown}
 e - a scroll of immolation {unknown}
 f - a scroll of amnesia {unknown}


   Skills:
 + Level 3.5 Fighting
 + Level 3.8 Maces & Flails
 + Level 0.2 Armour
 + Level 2.6 Dodging
 + Level 2.4 Stealth


You had 2 spell levels left.
You didn't know any spells.
Your spell library was empty.

Dungeon Overview and Level Annotations

Branches:
Dungeon (2/15)

Altars:
Xom


Innate Abilities, Weirdness & Mutations

You are resistant to torment.
Your stone body is resilient. (AC +3)
You are immune to poison.
You resist negative energy. (rN+)
You are resistant to electric shocks. (rElec)
You can survive without breathing.
You are immune to petrification.
You are immune to rotting.


Message History

You miss the adder.
The adder is heavily wounded.
The adder bites you but does no damage.
You hit the adder.
The adder is heavily wounded.
The adder barely misses you. The adder bites you but does no damage.
You hit the adder.
The adder is almost dead.
The adder barely misses you.
You barely miss the adder.
The adder is almost dead.
The adder bites you but does no damage. The adder misses you.
You hit the adder.
You kill the adder!
You see here a leopard gecko corpse.
A kobold comes into view.
The kobold shouts!
A kobold is nearby!
The kobold hits you.
You die...

####### .......##########
................#########
..^.^.##...#.@K....†....######
..._^....#...##.#####.#...)...
#.^^^..#...####.# #...######
#.....###.## #.# ##..# .
####.# #.# #.# #..# ## #.. ...
#.# #..# # #. ##..# #.. .....
# ...# #.. ###..#. .#.. ...
..#..#


You could see a kobold.

Vanquished Creatures
  2 adders (D:2)
  4 leopard geckos
  A giant cockroach (D:1)
  A hobgoblin (D:2)
  A ball python (D:1)
  2 bats (D:1)
  4 frilled lizards
  A goblin (D:1)
  A kobold (D:1)
  A rat (D:1)
  A bush (D:1)
19 creatures vanquished.

Vanquished Creatures (others)
  2 plants (D:1)
2 creatures vanquished.

Grand Total: 21 creatures vanquished

Notes
Turn   | Place    | Note
-------+----------+-------------------------------------------
     0 | D:1      | leviel the Gargoyle Monk began the quest for the Orb.
     0 | D:1      | Reached XP level 1. HP: 14/14 MP: 1/1
   290 | D:1      | Reached XP level 2. HP: 14/19 MP: 2/2
  1123 | D:2      | Reached XP level 3. HP: 4/23 MP: 3/3
  1398 | D:2      | Found a shimmering altar of Xom.
  1436 | D:2      | HP: 1/23 [adder (2)]
  1450 | D:2      | Slain by a kobold

Illustrated notes

Levels and vault maps discovered:
D:1:      elethiomel_arrival_quiet, layout_rooms, serial_forest,
          infiniplex_forest_clump_large, infiniplex_forest_clump_curved,
          infiniplex_forest_lined_4_way, infiniplex_forest_clump_diagonal,
          infiniplex_forest_clump_double, infiniplex_forest_pool,
          infiniplex_forest_clump_medium, infiniplex_forest_straight_2,
          infiniplex_forest_split, kennysheep_doodads
D:2:      layout_loops_ring, minmay_overflow_temple_star_quad, xom_teletrap_fun,
          minivault_23, palyth_stone_intersect, minmay_pentomino_q2

Action                   || total
-------------------------++-------
Melee: Mace              ||   225
  Use: Potion            ||     1
 Stab: Sleeping          ||     3
Armor: Robe              ||    13
       Leather armour    ||    24
Dodge: Dodged            ||    71

Table legend: (Time is in decaauts)
 A = Elapsed time spent in this place.
 B = Non-inter-level travel time spent in this place.
 C = Inter-level travel time spent in this place.
 D = Time resting spent in this place.
 E = Time spent auto-exploring this place.
 F = Levels seen in this place.
 G = Mean time per level.
                   A        B        C        D        E       F      G
               +--------+--------+--------+--------+--------+-----+--------+
         Total |   1503 |   1465 |     38 |    458 |    555 |   2 |  751.5 |
       Dungeon |   1503 |   1465 |     38 |    458 |    555 |   2 |  751.5 |
               +--------+--------+--------+--------+--------+-----+--------+

Top non-repeatable levels by time:
     D:1: 1092 daAuts
     D:2: 410 daAuts
